 Dungeon Crawl Stone Soup version 0.26.1-2-gb8aa6d0cf2 (webtiles) character file.

Game seed: 16668187278300754533

67 Gadfly the Cudgeller (level 4, -1/44 HPs)
             Began as a Troll Berserker on Mar 5, 2021.
             Was a Believer of Trog.
             Slain by a hobgoblin
             ... wielding a +0 club
              (2 damage)
             ... on level 2 of the Dungeon.
             The game lasted 00:01:11 (1144 turns).

Gadfly the Cudgeller (Troll Berserker)              Turns: 1144, Time: 00:01:12

Health: -1/44      AC:  6    Str: 25    XL:     4   Next: 0%
Magic:  3/3        EV: 10    Int:  3    God:    Trog [**....]
Gold:   74         SH:  0    Dex: 10    Spells: 3/3 levels left

rFire    . . .     SeeInvis .   a - +0 mace
rCold    . . .     Faith    .   (no shield)
rNeg     . . .     Spirit   .   b - +0 animal skin
rPois    .         Reflect  .   (helmet restricted)
rElec    .         Harm     .   (no cloak)
rCorr    .         Rampage  .   (gloves unavailable)
Will     .....                  (boots unavailable)
Stlth    +.........             (no amulet)
HPRegen  0.54/turn              (no ring)
MPRegen  0.08/turn              (no ring)

@: no status effects
A: large, unfitting armour, claws 3, regeneration 1, shaggy fur 1, tough skin 3
a: Renounce Religion, Berserk, Trog's Hand


You were on level 2 of the Dungeon.
You worshipped Trog.
Trog was pleased with you.
You visited 1 branch of the dungeon, and saw 2 of its levels.

You collected 74 gold pieces.

Inventory:

Hand Weapons
 a - a +0 mace (weapon)
Armour
 b - a +0 animal skin (worn)
Scrolls
 c - a scroll of enchant weapon {unknown}
 d - a scroll of magic mapping {unknown}
 e - a scroll of identify
Potions
 f - 2 potions of flight
 g - a potion of lignification


   Skills:
 + Level 2.7 Fighting
 + Level 3.1 Maces & Flails
 * Level 1.5 Armour
 - Level 2.4 Dodging
 * Level 1.3 Evocations


You had 3 spell levels left.
You didn't know any spells.
Your spell library was empty.

Dungeon Overview and Level Annotations

Branches:
Dungeon (2/15)

Altars:


Innate Abilities, Weirdness & Mutations

You are too large for most types of armour.
You have claws for hands.
Your natural rate of healing is unusually fast.
You are covered in fur. (AC +1)
You have extremely tough skin. (AC +3)


Message History

The kobold hits you with a +0 short sword!
You completely miss the kobold. The kobold barely misses you.
The hobgoblin misses you.
You closely miss the kobold. The kobold barely misses you.
The hobgoblin hits you with a +0 club!
* * * LOW HITPOINT WARNING * * *
A ball python comes into view.
The kobold hits you with a +0 short sword.
* * * LOW HITPOINT WARNING * * *
You closely miss the kobold.
The ball python hisses angrily.
The hobgoblin hits you with a +0 club.
* * * LOW HITPOINT WARNING * * *
The kobold completely misses you.
You closely miss the ball python. The hobgoblin barely misses you.
The ball python completely misses you.
The kobold hits you with a +0 short sword.
* * * LOW HITPOINT WARNING * * *
The hobgoblin hits you with a +0 club.
You die...

#######.# #. #.......#
#. #.......###### ##
......†......#####
#.................
.#################.#####
......................†.
.##...K.S#########..####
..'....@.# ##.#
.##...g..# #.##
#.......... #..#
#.#......### ##.# #
#......# #.## #......#
#..# #.(....# ##.#
#......# #.# #.#


You could see a hobgoblin, a ball python and a kobold.

Vanquished Creatures
  An adder (D:2)
  2 oozes (D:1)
  2 worms (D:2)
  A dart slug (D:1)
  4 leopard geckos
  A ball python (D:2)
  6 bats
  5 giant cockroaches
  3 hobgoblins (D:1)
  4 jackals (D:1)
  3 frilled lizards
  5 rats
37 creatures vanquished.

Notes
Turn   | Place    | Note
-------+----------+-------------------------------------------
     0 | D:1      | Gadfly the Troll Berserker began the quest for the Orb.
     0 | D:1      | Reached XP level 1. HP: 22/22 MP: 0/0
    66 | D:1      | Reached XP level 2. HP: 29/29 MP: 1/1
   336 | D:1      | Reached skill level 1 in Armour
   420 | D:1      | Reached skill level 1 in Evocations
   420 | D:1      | Reached XP level 3. HP: 36/36 MP: 2/2
   888 | D:2      | Reached skill level 3 in Maces & Flails
   902 | D:2      | Reached ** piety under Trog
  1139 | D:2      | Reached XP level 4. HP: 20/44 MP: 3/3
  1143 | D:2      | HP: 2/44 [hobgoblin/+0 club (3)]
  1144 | D:2      | Slain by a hobgoblin

Illustrated notes

Levels and vault maps discovered:
D:1:      nzn_arrival_crosshair, layout_loops_ring
D:2:      layout_basic

Skill      XL: |  1  2  3 |
---------------+----------+-----
Armour         | 1 |  1.5
Evocations     | 1 |  1.3
Maces & Flails | 3 |  3.1
Fighting       | |  2.7
Dodging        | |  2.4

Action                   |  1- 3 |  4- 6 || total
-------------------------+-------+-------++-------
Melee: Mace              |   130 |     6 ||   136
  Use: Scroll            |     5 |       ||     5
 Stab: Sleeping          |     1 |       ||     1
Armor: Animal skin       |    94 |     1 ||    95
Dodge: Dodged            |   104 |     8 ||   112
